Map: Ruins of Seras

Players

Chigadigadee - Winner!

  • Race: Zerg Zerg
  • League: Platinum

Wellmet

  • Race: Terran Terran
  • League: Diamond

VOD

Have the link to the VOD?

Description

Time

  • Played on: Nov. 14, 2015, 12:41 a.m.
  • Length: 6:49
Show
View Real Time Build Order
Export as new Build Order

Chigadigadee Zerg - Winner!

Build Orders: Pool First 

Get SALT Encoding   

  12  0:01  Drone  
  13  0:23  Spawning Pool  
  13  0:27  Drone  
  13  0:32  Drone  
  14  0:37  Extractor  
  13  0:43  Drone  
  13  0:48  Overlord  
  14  1:10  Zergling x2  
  14  1:11  Zergling x4  
  17  1:15  Queen  
  19  1:24  Drone  
  20  1:35  Overlord  
  20  1:42  Metabolic Boost  
  20  1:44  Drone  
  21  1:54  Queen  
  23  2:23  Drone x3  
  23  2:28  Hatchery  
  25  2:31  Zergling x2  
  26  2:43  Zergling x4  
  26  2:44  Zergling x2  
  27  2:57  Zergling x2  
  27  3:04  Queen  
  29  3:23  Zergling x2  
  29  3:26  Zergling x2  
  30  3:30  Extractor  
  30  3:31  Overlord  
  29  3:37  Drone  
  29  3:41  Drone x2  
  31  3:44  Zergling x2  
  31  3:52  Queen  
  31  3:59  Zergling x6  
  31  4:01  Zergling x2  
  35  4:06  Zergling x2  
  35  4:07  Zergling x6  
  39  4:14  Drone, Roach Warren  
  38  4:24  Drone x2  
  40  4:31  Drone  
  40  4:32  Drone x2  
  40  4:35  Overlord  
  43  4:48  Overlord  
  43  4:49  Overlord  
  37  5:07  Roach x5  
  37  5:11  Roach  
  45  5:15  Roach  
  45  5:17  Roach  
  49  5:24  Roach  
  49  5:28  Roach  
  53  5:31  Roach  
  53  5:33  Roach  
  57  5:41  Overlord  
  57  5:48  Roach  
  59  6:00  Ravager x2  
  59  6:02  Zergling x12  
  67  6:06  Overlord  
  67  6:15  Overlord  
  68  6:25  Drone x2  
  68  6:26  Drone x2  
  68  6:27  Zergling x4  
  68  6:30  Ravager x2  
Show
View Real Time Build Order
Export as new Build Order

Wellmet Terran 

Build Orders: Command Center First (CC) 

Get SALT Encoding   

  12  0:01  SCV  
  13  0:14  SCV  
  14  0:19  Supply Depot  
  14  0:26  SCV  
  15  0:40  SCV  
  16  0:52  SCV  
  17  1:02  Command Center  
  17  1:05  SCV  
  18  1:15  Barracks  
  18  1:19  SCV  
  18  1:25  Refinery  
  19  1:31  SCV  
  20  1:43  SCV  
  21  2:02  Marine  
  21  2:03  Orbital Command  
  21  2:16  Orbital Command  
  21  2:19  Bunker  
  21  2:20  Marine  
  21  2:33  SCV  
  21  2:36  Factory  
  22  2:38  Marine  
  18  2:46  SCV  
  18  2:48  SCV  
  19  3:00  SCV  
  19  3:01  SCV  
  19  3:04  Barracks Reactor  
  21  3:13  SCV  
  22  3:28  SCV  
  22  3:29  Hellion  
  25  3:36  Command Center  
  25  3:39  SCV  
  26  3:44  Marine  
  26  3:47  SCV  
  25  3:51  SCV  
  25  3:53  Hellion  
  26  3:59  SCV  
  26  4:01  Marine  
  26  4:02  Marine  
  29  4:03  SCV  
  30  4:11  Supply Depot  
  30  4:14  SCV  
  29  4:17  Hellion  
  29  4:19  Marine  
  29  4:20  Marine  
  32  4:28  Barracks  
  32  4:29  SCV  
  33  4:41  SCV  
  33  4:42  Factory Tech Lab  
  33  4:43  Orbital Command  
  33  4:44  Refinery, Marine x2  
  36  4:54  SCV  
  32  5:06  SCV  
  31  5:12  Marine x2  
  31  5:14  Orbital Command  
  33  5:18  SCV  
  33  5:21  Barracks  
  34  5:23  Factory Tech Lab  
  34  5:29  SCV  
  34  5:30  SCV  
  34  5:33  Marine x2  
  34  5:35  Marine  
  39  5:41  SCV  
  40  5:43  Bunker  
  40  5:48  SCV  
  41  5:53  Factory Tech Lab, Marine, SCV x2  
  41  5:54  Marine  
  41  5:55  Marine  
  46  6:02  Starport  
  46  6:03  Factory Reactor  
  46  6:04  SCV  
  46  6:08  SCV x2  
  49  6:11  Marine  
  49  6:16  SCV, Marine  
  49  6:17  Marine x2  
  53  6:28  SCV x2  
  53  6:29  Marine  
Tags
 
Add a new tag
Caveats
  • Supply blocks, unpowered buildings, or Contaminate may cause inaccurate times.
  • Supply counts are checked every 10 seconds.